 Dungeon Crawl Stone Soup version 0.23-a0-143-g1adec7bb76 (webtiles) character file.

172643 Napalmbreeze the Eclecticist (level 17, -5/97 HPs)
             Began as a Deep Elf Fire Elementalist on Sept 6, 2018.
             Was the Champion of Vehumet.
             Blown up by an orb spider (37 damage)
             ... with an orb of destruction
             ... on level 1 of the Spider Nest on Sept 7, 2018.
             The game lasted 04:05:42 (43149 turns).

Napalmbreeze the Eclecticist (DEFE)                Turns: 43149, Time: 04:05:43

Health: -5/97      AC: 10    Str:  5    XL:     17   Next: 16%
Magic:  29/57      EV: 34    Int: 28    God:    Vehumet [******]
Gold:   641        SH:  0    Dex: 15    Spells: 5/54 levels left

rFire    . . .     SeeInvis .   m - staff of power
rCold    + . .     Gourm    .   (no shield)
rNeg     . . .     Faith    .   O - +2 leather armour "Ojuf" {+Blink rPois rC+ rCorr}
rPois    +         Spirit   .   R - +0 helmet (curse)
rElec    .         Reflect  .   J - scarf {repulsion}
rCorr    +         Harm     .   N - +2 pair of gloves
MR       +....                  b - +0 pair of boots
Stlth    +++.......             y - amulet of the acrobat
HPRegen  0.26/turn              v - ring of wizardry
MPRegen  0.35/turn              B - ring of stealth

@: repel missiles
A: no striking features
}: 1/15 runes: decaying
a: Renounce Religion, Evoke Blink


You were on level 1 of the Spider Nest.
You worshipped Vehumet.
Vehumet was exalted by your worship.
You were hungry.

You visited 6 branches of the dungeon, and saw 29 of its levels.
You also visited: Labyrinth.

You collected 2601 gold pieces.
You spent 1960 gold pieces at shops.

Inventory:

Armour
 b - a +0 pair of boots (worn)
 J - a scarf of repulsion (worn)
 L - the +1 robe "Rimeba" {rElec Dex+2}
   (You took it off an orc on level 12 of the Dungeon)

   It affects your dexterity (+2).
   It insulates you from electricity.
 N - a +2 pair of gloves (worn)
 O - the +2 leather armour "Ojuf" (worn) {+Blink rPois rC+ rCorr}
   (You found it on level 12 of the Dungeon)

   It protects you from cold.
   It protects you from poison.
   It lets you blink.
   It provides partial protection from all sources of acid and corrosion.
 R - a cursed +0 helmet (worn)
Magical Staves
 e - an uncursed staff of conjuration
 m - an uncursed staff of power (weapon)
 Q - an uncursed staff of summoning
Jewellery
 a - an uncursed ring of resist corrosion
 j - an uncursed ring of see invisible
 l - an uncursed amulet of harm
 v - a ring of wizardry (left hand)
 y - an amulet of the acrobat (around neck)
 B - a ring of stealth (right hand)
 E - an uncursed ring of positive energy
 P - a +4 ring of intelligence
Wands
 t - a wand of disintegration (33)
 D - a wand of iceblast (10)
 G - a wand of enslavement (8)
 M - a wand of acid (8)
Scrolls
 d - 3 scrolls of amnesia
 h - 9 scrolls of identify
 i - 4 scrolls of enchant armour
 n - a scroll of fear
 p - 7 scrolls of teleportation
 q - 2 scrolls of blinking
 u - 5 scrolls of magic mapping
 x - 8 scrolls of enchant weapon
 F - 4 scrolls of remove curse
 H - a scroll of immolation
 I - a scroll of fog
Potions
 f - 5 potions of curing
 g - a potion of ambrosia
 k - a potion of cancellation
 o - 4 potions of mutation
 r - 4 potions of magic
 s - 2 potions of heal wounds
 z - 2 potions of agility
 A - 7 potions of brilliance
 C - a potion of flight
 S - 2 potions of haste
 U - 2 potions of might
 V - 2 potions of invisibility
Comestibles
 c - 22 rations


   Skills:
 - Level 8.0 Fighting
 - Level 12.0 Dodging
 - Level 2.4 Stealth
 - Level 19.3 Spellcasting
 - Level 17.4 Conjurations
 - Level 8.0 Hexes
 - Level 10.0 Summonings
 + Level 14.1 Fire Magic
 - Level 4.0 Ice Magic


You had 5 spell levels left.
You knew the following spells:

 Your Spells              Type           Power        Failure   Level  Hunger
d - Conjure Flame         Conj/Fire      #######.     0%          3    None
e - Fireball              Conj/Fire      #######...   1%          5    None
f - Sticky Flame          Conj/Fire      #######.     1%          4    None
q - Summon Mana Viper     Hex/Summ       ######..     1%          5    None
r - Orb of Destruction    Conj           #######...   1%          7    ####...
s - Iskenderun's Mystic   Conj           #######.     0%          4    None
t - Ignition              Fire           #######...   6%          8    ######.
Q - Spellforged Servitor  Conj/Summ      #######...   1%          7    ####...
W - Freezing Cloud        Conj/Ice/Air   ######....   2%          6    #......

Your spell library contained the following spells:

 Spells                   Type           Power        Failure   Level  Hunger
 Fire Storm               Conj/Fire      #######...   36%         9    #######
 Chain Lightning          Conj/Air       ######....   41%         8    ######.
 Lehudib's Crystal Spear  Conj/Erth      ######....   41%         8    ######.
 Flame Tongue             Conj/Fire      #####        0%          1    None
 Magic Dart               Conj           ####         0%          1    None
 Searing Ray              Conj           ######       0%          2    None
 Throw Flame              Conj/Fire      ######       0%          2    None
 Animate Skeleton         Necr           N/A          1%          1    None
 Apportation              Tloc           ####..       1%          1    None
 Corona                   Hex            ######.      1%          1    None
 Pain                     Necr           ####         1%          1    None
 Sting                    Conj/Pois      ####         1%          1    None
 Summon Butterflies       Summ           ######..     1%          1    None
 Summon Small Mammal      Summ           ####         1%          1    None
 Blink                    Tloc           N/A          1%          2    None
 Call Imp                 Summ           ######..     1%          2    None
 Poisonous Vapours        Pois/Air       ####..       1%          2    None
 Slow                     Hex            ######..     1%          2    None
 Call Canine Familiar     Summ           ######..     1%          3    None
 Dazzling Spray           Conj/Hex       ######       1%          3    None
 Inner Flame              Hex/Fire       ######..     1%          3    None
 Mephitic Cloud           Conj/Pois/Air  ######..     1%          3    None
 Portal Projectile        Hex/Tloc       #####.       1%          3    None
 Recall                   Summ/Tloc      N/A          1%          3    None
 Static Discharge         Conj/Air       ######..     1%          3    None
 Summon Guardian Golem    Hex/Summ       ######..     1%          3    None
 Tukima's Dance           Hex            ######..     1%          3    None
 Cause Fear               Hex            ######....   1%          4    None
 Force Lance              Conj/Tloc      ######..     1%          4    None
 Fulminant Prism          Conj/Hex       #######...   1%          4    None
 Leda's Liquefaction      Hex/Erth       #####.....   1%          4    None
 Summon Ice Beast         Ice/Summ       ######..     1%          4    None
 Summon Lightning Spire   Summ/Air       ######..     1%          4    None
 Aura of Abjuration       Summ           ######....   1%          5    None
 Bolt of Magma            Conj/Fire/Erth ######....   1%          5    None
 Irradiate                Conj/Tmut      ######....   1%          5    None
 Lightning Bolt           Conj/Air       ######....   1%          5    None
 Summon Demon             Summ           ######....   1%          5    None
 Venom Bolt               Conj/Pois      ######....   1%          5    None
 Lesser Beckoning         Tloc           ####......   3%          3    None
 Regeneration             Chrm/Necr      ####......   3%          3    None
 Spider Form              Tmut/Pois      ####......   3%          3    None
 Vampiric Draining        Necr           ####......   3%          3    None
 Olgreb's Toxic Radiance  Pois           ####....     3%          4    None
 Summon Forest            Summ/Tloc      ######....   3%          5    None
 Animate Dead             Necr           N/A          11%         4    None
 Alistair's Intoxication  Tmut/Pois      ####....     26%         5    None
 Blade Hands              Tmut           ####......   26%         5    None
 Shadow Creatures         Summ           N/A          2%          6    #......
 Invisibility             Hex            ######..     6%          6    #......
 Malign Gateway           Summ/Tloc      ######....   69%         7    ####...
 Statue Form              Tmut/Erth      ####.....    80%         6    #......
 Shatter                  Erth           ####......   100%        9    #######
 Tornado                  Air            ####......   100%        9    #######


Dungeon Overview and Level Annotations

Branches:
Dungeon (15/15)            Temple (1/1) D:4            Lair (6/6) D:9
  Swamp (4/4) Lair:4       Spider (1/4) Lair:4        Slime (0/5) Lair:6
    Orc (2/2) D:10            Elf (0/3) Orc:2        Vaults (0/5) D:14
 Depths (0/5) D:15

Altars:
Ashenzari
Cheibriados
Dithmenos
Elyvilon
Fedhas
Gozag
Hepliaklqana
Kikubaaqudgha
Makhleb
Nemelex Xobeh
Okawaru
Qazlal
Ru
Sif Muna
Trog
Uskayaw
Vehumet
Wu Jian
Xom
Yredelemnul
Zin
The Shining One
Beogh

Shops:
D:4 (:[[   D:5 %   Orc:1 =   Orc:2 :*(?

Portals:
Pandemonium: Orc:2

Annotations:
D:13 exclusion: downstairs
D:14 exclusion: downstairs
Lair:1 1 runed door, Wuuth's ghost, journeyman DrIE
Lair:2 3 runed doors, Golif's ghost, journeyman GrFi
Lair:3 exclusion: downstairs
Swamp:2 exclusion: downstairs
Orc:2 2 runed doors, exclusion: orange crystal statue


Message History

The wavering orb of destruction hits the demonic crawler.
The orb spider weaves a glowing orb of energy.
Your mana viper is engulfed in a cloud of scalding steam.
Your mana viper splashes around in the water.
The demonic crawler hits your spellforged servitor!
The demonic crawler barely misses your spellforged servitor.
The demonic crawler hits your spellforged servitor but does no damage.
The orb of destruction hits the orb spider.
You blow up the orb spider!
Vehumet accepts your kill.
You feel your power returning.
An orb of destruction comes into view.
Your mana viper disappears in a puff of smoke!
Your spellforged servitor conjures an orb of pure magic.
The wavering orb of destruction weakly hits the demonic crawler.
The demonic crawler is blown up!
Vehumet accepts your kill.
A jumping spider comes into view.
The orb of destruction hits you!
You die...

...............
............s....
..........#......
................#
.....%......#..%.
...^..§§.........
.......§...†..#..
.......§§§8†..^#
.....>.<@.≈§.†.#
...#..#..§#≈≈#≈#
###≈^.≈≈≈≈#
###≈#≈≈## ###≈##
##


You could see a jumping spider and a friendly spellforged servitor.

Vanquished Creatures
  2 thorn hunters (Swamp:3)
  Louise (Swamp:4)
  An emperor scorpion (Spider:1)
  Josephine (D:15)
  Harold (Lair:1)
  A vault guard (D:14)
  17 hydras
  2 ghost crabs
  11 alligators
  2 centaur warriors
  2 two-headed ogres
  11 death yaks
  2 orc high priests (Orc:2)
  Urug (Lair:5)
  A sun demon (Orc:2)
  An unseen horror (D:14)
  A skeletal warrior (D:15)
  A titan skeleton (D:15)
  A spark wasp zombie (D:15)
  6 swamp dragons (Swamp:4)
  Pikel (D:5)
  A lindwurm (Lair:6)
  A phantasmal warrior (D:15)
  4 orc knights (Orc:2)
  A necromancer (D:15)
  A deep elf archer (D:12)
  7 orc sorcerers (Orc:2)
  9 ugly things
  7 wolf spiders
  4 orb spiders (Spider:1)
  A deep elf mage (D:15)
  A manticore (D:15)
  11 elephants (Lair:3)
  10 black mambas
  Joseph (D:9)
  2 molten gargoyles (Lair:6)
  3 gargoyles
  A torpor snail (Lair:4)
  17 spiny frogs
  3 rime drakes (D:15)
  2 centaur skeletons (D:13)
  13 komodo dragons
  2 trolls
  7 hornets
  8 jumping spiders
  A polar bear (Lair:5)
  9 tyrant leeches
  A slime creature (shapeshifter) (D:14)
  9 bog bodies
  4 blink frogs (Lair:3)
  7 slime creatures
  19 hippogriffs
  5 tarantellas (Spider:1)
  A fire dragon zombie (D:15)
  7 wraiths
  13 redbacks
  9 spriggans
  Sigmund (D:4)
  10 wyverns
  5 shadows
  60 yaks
  A vampire (D:12)
  7 basilisks
  3 hungry ghosts
  2 chaos spawn (Orc:2)
  A steam dragon (Lair:6)
  9 vampire mosquitoes
  3 insubstantial wisps
  13 swamp worms
  A warg (Orc:1)
  6 hell hounds
  A soldier ant (D:13)
  11 water moccasins
  5 porcupines
  7 swamp drakes
  4 slaves
  5 sky beasts
  2 black bears
  5 ogres
  3 ice beasts
  3 phantoms
  39 orc warriors
  5 boggarts
  4 wolves
  11 centaurs
  11 crocodiles
  4 big kobolds
  20 bullfrogs
  2 wyvern zombies
  4 scorpions
  A wyvern skeleton (D:13)
  9 killer bees
  3 howler monkeys
  4 wights
  An electric eel (Lair:4)
  4 crimson imps
  A jelly (D:11)
  3 centaur zombies
  10 hounds
  5 lava snakes (Lair:6)
  A quasit (D:11)
  14 orc priests
  2 bullfrog skeletons
  Crazy Yiuf (D:5)
  A gnoll shaman (D:4)
  14 orc wizards
  4 iguanas
  7 worker ants
  A hound zombie (D:7)
  A hound skeleton (D:6)
  A howler monkey zombie (D:5)
  A worker ant zombie (D:10)
  18 gnolls
  2 howler monkey skeletons
  14 adders
  5 shadow imps
  2 oozes
  An adder zombie (D:8)
  An adder skeleton (D:8)
  7 worms
  2 dart slugs
  10 leopard geckos
  74 orcs
  7 giant cockroaches
  9 goblins
  7 hobgoblins
  7 jackals
  6 quokkas
  A ball python (D:4)
  10 bats
  5 frilled lizards
  A giant cockroach zombie (D:6)
  27 kobolds
  A leopard gecko zombie (D:6)
  6 rats
  A fungus (Lair:2)
  2 plants
  A withered plant (D:15)
853 creatures vanquished.

Vanquished Creatures (collateral kills)
  the Lernaean hydra (Swamp:4)
  Nikola (Swamp:1)
  Roxanne (D:14)
  A thorn hunter (Swamp:3)
  A frost giant (D:15)
  An orc warlord (D:12)
  The ghost of P0WERM0DE the Cleaver, a journeyman DDFi of Makhleb (Orc:1)
  An entropy weaver (Lair:4)
  A very ugly thing (Swamp:1)
  Azrael (D:14)
  A minotaur (Lab)
  The ghost of Jaofunah the Severer, a journeyman MiFi of Okawaru (D:13)
  The ghost of Fandomethor the Basher, a journeyman GrFi of Qazlal (D:12)
  A fire dragon (Lair:6)
  10 hydras
  The ghost of stburah the Cleaver, a journeyman FoFi of the Shining One (D:15)
  3 vault guards (D:14)
  2 ghost crabs
  2 centaur warriors (D:12)
  A two-headed ogre (D:12)
  3 alligators
  An orc high priest (Orc:2)
  A skeletal warrior (D:15)
  2 torturous demonspawn (Orc:2)
  3 swamp dragons
  An infernal demonspawn (Orc:2)
  4 shambling mangroves
  An orc sorcerer (Orc:2)
  2 wolf spiders (Spider:1)
  3 cyclopes
  3 ugly things (D:14)
  An elephant (Lair:6)
  2 centaur zombies
  A gargoyle (D:15)
  2 spiny frogs
  A centaur skeleton (D:13)
  An efreet (D:14)
  A komodo dragon (D:14)
  3 demonic crawlers
  2 trolls
  A jumping spider (Spider:1)
  5 slime creatures
  10 hornets
  A spriggan zombie (D:15)
  5 tyrant leeches
  2 bog bodies
  2 hippogriffs (D:12)
  3 spriggans
  2 fire elementals (D:14)
  7 yaks (D:12)
  8 vampire mosquitoes
  10 insubstantial wisps
  3 swamp worms
  2 hell hounds (D:14)
  3 swamp drakes (Swamp:4)
  A sky beast (D:12)
  6 orc warriors
  An ogre (D:12)
  A bullfrog (D:12)
  An orc priest (Orc:2)
  3 orcs (Orc:2)
148 creatures vanquished.

Vanquished Creatures (others)
  An ugly thing (D:14)
  5 fungi
  17 plants
  4 withered plants (D:15)
27 creatures vanquished.

Grand Total: 1028 creatures vanquished

Notes
Turn   | Place    | Note
-------+----------+-------------------------------------------
     0 | D:1      | Napalmbreeze the Deep Elf Fire Elementalist began the quest
                  | for the Orb.
     0 | D:1      | Reached XP level 1. HP: 10/10 MP: 6/6
   395 | D:1      | Reached XP level 2. HP: 15/15 MP: 4/8
   940 | D:1      | Reached XP level 3. HP: 19/19 MP: 7/10
   985 | D:1      | Learned a level 2 spell: Throw Flame
   989 | D:1      | Learned a level 3 spell: Conjure Flame
  1102 | D:2      | You fall through a shaft for 2 floors!
  1145 | D:4      | Found Geptus's Book Emporium.
  1173 | D:4      | Found Sijam's Antique Armour Emporium.
  1294 | D:4      | Found a staircase to the Ecumenical Temple.
  1393 | D:4      | Reached XP level 4. HP: 7/24 MP: 0/11
  1610 | D:4      | Reached skill level 4 in Spellcasting
  1615 | Temple   | Entered the Ecumenical Temple
  1758 | Temple   | Became a worshipper of Vehumet
  1947 | D:3      | Found a hide-covered altar of Uskayaw.
  2101 | D:2      | Found a shimmering altar of Xom.
  2101 | D:2      | Found a blossoming altar of Fedhas.
  2442 | D:2      | Reached XP level 5. HP: 28/28 MP: 9/13
  2465 | D:2      | Learned a level 4 spell: Sticky Flame
  3050 | D:3      | Reached * piety under Vehumet
  3050 | D:3      | Offered knowledge of Freeze by Vehumet.
  3631 | D:4      | Found Etzoul's Antique Armour Shop.
  3762 | D:4      | Found Omnocwawn's Weapon Emporium.
  3792 | D:4      | Reached skill level 5 in Spellcasting
  3792 | D:4      | Reached XP level 6. HP: 28/32 MP: 2/15
  4065 | D:4      | Reached skill level 5 in Conjurations
  4427 | D:4      | Noticed Sigmund
  4613 | D:4      | Learned a level 5 spell: Fireball
  4660 | D:4      | Killed Sigmund
  4660 | D:4      | Reached skill level 5 in Fire Magic
  4660 | D:4      | Reached XP level 7. HP: 18/36 MP: 5/17
  4859 | D:5      | Entered Level 5 of the Dungeon
  4881 | D:5      | Offered knowledge of Searing Ray by Vehumet.
  4916 | D:5      | Reached ** piety under Vehumet
  4928 | D:5      | Reached skill level 6 in Spellcasting
  5337 | D:5      | Found an ancient bone altar of Kikubaaqudgha.
  5435 | D:5      | Noticed Pikel
  5923 | D:5      | Killed Pikel
  5923 | D:5      | Reached skill level 7 in Spellcasting
  5923 | D:5      | Reached XP level 8. HP: 41/41 MP: 8/20
  6119 | D:5      | Found Epay's Food Boutique.
  6170 | D:5      | Found a runed door.
  6174 | D:5      | Noticed Crazy Yiuf
  6182 | D:5      | Killed Crazy Yiuf
  6697 | D:6      | Reached skill level 8 in Spellcasting
  6795 | D:6      | Reached XP level 9. HP: 35/45 MP: 23/23
  7254 | D:6      | Found an opulent altar of Gozag.
  7254 | D:6      | Found a glowing golden altar of the Shining One.
  7255 | D:6      | Found a hazy altar of Hepliaklqana.
  7638 | D:7      | Offered knowledge of Ignite Poison by Vehumet.
  8102 | D:7      | Reached skill level 10 in Conjurations
  8387 | D:8      | Reached skill level 9 in Spellcasting
  8648 | D:8      | Noticed a two-headed ogre
  8667 | D:8      | Killed a two-headed ogre
  9041 | D:8      | Reached XP level 10. HP: 39/50 MP: 25/25
  9102 | D:8      | Reached *** piety under Vehumet
  9441 | D:9      | Noticed a two-headed ogre
  9449 | D:9      | Killed a two-headed ogre
  9449 | D:9      | Reached skill level 10 in Spellcasting
  9638 | D:9      | Found a staircase to the Lair.
  9740 | D:9      | Learned a level 4 spell: Iskenderun's Mystic Blast
  9813 | D:9      | Offered knowledge of Mephitic Cloud by Vehumet.
 10221 | D:9      | Noticed Joseph
 10684 | D:9      | Killed Joseph
 10798 | D:10     | Entered Level 10 of the Dungeon
 10816 | D:10     | Reached **** piety under Vehumet
 10816 | D:10     | Noticed a gargoyle
 10818 | D:10     | Reached skill level 5 in Dodging
 10821 | D:10     | Killed a gargoyle
 11033 | D:10     | Offered knowledge of Yara's Violent Unravelling by Vehumet.
 11183 | D:10     | Reached skill level 11 in Spellcasting
 11210 | D:10     | Noticed a gargoyle
 11504 | D:10     | Killed a gargoyle
 11771 | D:10     | Reached XP level 11. HP: 54/54 MP: 28/28
 11948 | D:10     | Found a roughly hewn altar of Beogh.
 11950 | D:10     | Found a staircase to the Orcish Mines.
 12103 | D:10     | Reached skill level 10 in Fire Magic
 12583 | Lair:1   | Entered Level 1 of the Lair of Beasts
 12886 | Lair:1   | Noticed Harold
 13061 | D:11     | Reached ***** piety under Vehumet
 13133 | D:11     | Offered knowledge of Lightning Bolt by Vehumet.
 13133 | D:11     | Reached skill level 12 in Spellcasting
 13480 | D:11     | Reached skill level 13 in Spellcasting
 14277 | Lair:1   | Killed Harold
 14302 | Lair:1   | Noticed a trident of chaos
 14303 | Lair:1   | Found a runed door.
 14303 | Lair:1   | Found a shimmering altar of Xom.
 14303 | Lair:1   | Noticed Wuuth's ghost (journeyman DrIE)
 14750 | Lair:1   | Found a hide-covered altar of Uskayaw.
 15286 | Lair:2   | Reached skill level 5 in Fighting
 15446 | Lair:2   | Reached XP level 12. HP: 35/70 MP: 11/31
 15625 | Lair:2   | Got a dazzling dagger
 15627 | Lair:2   | Identified the +8 dagger "Goblinbane" {flame, Fragile rPois
                  | SInv} (You found it on level 2 of the Lair of Beasts)
 16454 | Lair:2   | Found a runed gate.
 16455 | Lair:2   | Found a runed gate.
 16456 | Lair:2   | Found a runed gate.
 16458 | Lair:2   | Noticed Golif's ghost (journeyman GrFi)
 17382 | Lair:3   | Offered knowledge of Airstrike by Vehumet.
 17822 | Lair:3   | Reached skill level 14 in Spellcasting
 18449 | Lair:4   | Found a hole to the Spider Nest.
 18490 | Lair:4   | Reached XP level 13. HP: 78/78 MP: 33/33
 18683 | Lair:4   | Got an ancient shield
 18687 | Lair:4   | Identified the +5 shield of Kindness {Dex+6} (You found it
                  | on level 4 of the Lair of Beasts)
 19137 | Lair:4   | Found a staircase to the Swamp.
 20109 | Lair:5   | Noticed Urug
 20296 | Lair:5   | Killed Urug
 21251 | Lair:5   | Reached skill level 15 in Spellcasting
 22115 | Lair:6   | Entered Level 6 of the Lair of Beasts
 22400 | D:4      | Bought a book of Summonings for 910 gold pieces
 22406 | D:4      | Learned a level 5 spell: Summon Mana Viper
 22637 | Lair:6   | Reached skill level 1 in Summonings
 23033 | Lair:6   | Reached XP level 14. HP: 84/84 MP: 31/35
 23102 | Lair:6   | Reached skill level 5 in Summonings
 23698 | Lair:6   | Offered knowledge of Iskenderun's Battlesphere by Vehumet.
 23984 | Lair:6   | Found a staircase to the Slime Pits.
 24228 | Lair:6   | Found a large runed door.
 24230 | Lair:6   | Found a large runed door.
 25915 | D:12     | Got a fabulously ornate robe
 25926 | D:12     | Identified the +1 robe "Rimeba" {rElec Dex+2} (You took it
                  | off an orc on level 12 of the Dungeon)
 26024 | D:12     | Noticed Fandomethor's ghost (journeyman GrFi)
 26027 | D:12     | Found a runed door.
 26109 | D:12     | Killed Fandomethor's ghost
 26403 | D:12     | Reached skill level 10 in Summonings
 26493 | D:12     | Reached skill level 1 in Hexes
 26746 | D:12     | Noticed an orc warlord
 26747 | D:12     | Found an iron altar of Okawaru.
 26766 | D:12     | Got a polished falchion
 26777 | D:12     | Got an ichor-stained leather armour
 26788 | D:12     | Identified the +3 falchion "Foc Cer" {protect, MR+} (You
                  | found it on level 12 of the Dungeon)
 26789 | D:12     | Identified the +2 leather armour "Ojuf" {+Blink rPois rC+
                  | rCorr} (You found it on level 12 of the Dungeon)
 26863 | D:12     | Killed an orc warlord
 27107 | D:13     | Found a labyrinth entrance.
 27116 | Lab      | Entered a labyrinth
 27223 | Lab      | Identified the Guide on Dusty Orientation
 27225 | Lab      | Got a warped robe
 27325 | D:12     | Identified the +4 robe of the Morning Star {rElec rC-
                  | Regen+ Dex+7} (You found it in a labyrinth)
 27970 | D:13     | Found a large runed door.
 27972 | D:13     | Found a large runed door.
 27973 | D:13     | Noticed Jaofunah's ghost (journeyman MiFi)
 28165 | D:13     | Killed Jaofunah's ghost
 28165 | D:13     | Reached skill level 15 in Conjurations
 28462 | D:13     | Found a blossoming altar of Fedhas.
 28789 | D:14     | Noticed Roxanne
 28918 | D:14     | Noticed Azrael
 29692 | D:14     | Killed Azrael
 30144 | D:14     | Reached skill level 5 in Hexes
 30146 | D:14     | Reached skill level 16 in Spellcasting
 30222 | D:14     | Found a gate to the Vaults.
 30305 | D:14     | Offered knowledge of Freezing Cloud by Vehumet.
 30313 | D:14     | Learned a level 6 spell: Freezing Cloud
 30422 | D:14     | Reached XP level 15. HP: 88/88 MP: 31/37
 30844 | D:14     | Killed Roxanne
 30849 | D:14     | Identified Roxanne's Handbook of Shape Shifting (You took
                  | it off Roxanne on level 14 of the Dungeon)
 30916 | D:15     | Entered Level 15 of the Dungeon
 30916 | D:15     | Noticed a frost giant
 30950 | D:15     | Noticed Josephine
 30956 | D:15     | Killed Josephine
 30956 | D:15     | Reached skill level 1 in Ice Magic
 31312 | D:15     | Reached skill level 10 in Dodging
 31462 | D:15     | Found a staircase to the Depths.
 31870 | D:15     | Killed a frost giant
 32180 | D:15     | Offered knowledge of Spellforged Servitor by Vehumet.
 32189 | D:15     | Learned a level 7 spell: Spellforged Servitor
 32450 | D:15     | Found a runed door.
 32451 | D:15     | Noticed stburah's ghost (journeyman FoFi)
 32469 | D:15     | Killed stburah's ghost
 32845 | Orc:1    | Entered Level 1 of the Orcish Mines
 32845 | Orc:1    | Found Cang's Jewellery Shop.
 32910 | Orc:2    | Entered Level 2 of the Orcish Mines
 33121 | Orc:1    | Found a runed door.
 33146 | Orc:1    | Noticed P0WERM0DE's ghost (journeyman DDFi)
 33547 | Orc:1    | Killed P0WERM0DE's ghost
 33556 | Orc:1    | Got a steaming battleaxe
 33557 | Orc:1    | Identified the +5 battleaxe "Gattui" {elec, Dex+4 SInv}
                  | (You found it on level 1 of the Orcish Mines)
 33846 | Orc:2    | Found a staircase to the Elven Halls.
 34039 | Orc:2    | Found a runed door.
 34071 | Orc:2    | Found the +10 large shield of Ignorance {rN+ Int-4}
 34084 | Orc:2    | Found a runed door.
 34261 | Orc:2    | Found Fuun's Magic Scroll Shoppe.
 34295 | Orc:2    | Found Puuddaw's General Store.
 34333 | Orc:2    | Reached skill level 17 in Spellcasting
 34497 | Orc:2    | Reached ****** piety under Vehumet
 34752 | Orc:2    | Offered knowledge of Bolt of Cold by Vehumet.
 35122 | Orc:2    | Paralysed by an orc sorcerer for 2 turns
 35198 | Orc:2    | Found Tirghof's Antique Weapon Shop.
 35198 | Orc:2    | Found Estroax Duna's Book Boutique.
 35198 | Orc:2    | Found a one-way gate leading to the halls of Pandemonium.
 35518 | Swamp:1  | Entered Level 1 of the Swamp
 35912 | Swamp:1  | Noticed Nikola
 35962 | Swamp:1  | Killed Nikola
 35962 | Swamp:1  | Reached XP level 16. HP: 93/93 MP: 22/39
 36647 | Swamp:2  | Reached skill level 18 in Spellcasting
 36738 | Swamp:2  | Offered knowledge of Orb of Destruction by Vehumet.
 36747 | Swamp:2  | Learned a level 7 spell: Orb of Destruction
 37695 | Swamp:3  | Noticed a thorn hunter
 37743 | Swamp:3  | Noticed a thorn hunter
 37746 | Swamp:3  | Killed a thorn hunter
 37756 | Swamp:3  | Got a flickering ivory ring
 37815 | Swamp:3  | Identified the ring "Zaquob" {*Corrode rN+ AC+2 Str+8
                  | Slay+2} (You found it on level 3 of the Swamp)
 38931 | Swamp:3  | Noticed a thorn hunter
 38944 | Swamp:3  | Killed a thorn hunter
 39290 | Swamp:3  | Killed a thorn hunter
 39720 | Swamp:4  | Entered Level 4 of the Swamp
 41078 | Swamp:4  | Noticed the 27-headed Lernaean hydra
 41084 | Swamp:4  | Killed the 27-headed Lernaean hydra
 41147 | Swamp:4  | Reached skill level 19 in Spellcasting
 41439 | Swamp:4  | Noticed Louise
 41448 | Swamp:4  | Killed Louise
 41664 | Swamp:4  | Got a decaying rune of Zot
 41810 | Spider:1 | Entered Level 1 of the Spider Nest
 42057 | Orc:2    | Bought a book of the Tempests for 1050 gold pieces
 42077 | Orc:2    | Learned a level 8 spell: Ignition
 42423 | Spider:1 | Reached XP level 17. HP: 54/97 MP: 42/42
 42918 | Spider:1 | Offered knowledge of Lehudib's Crystal Spear by Vehumet.
 42918 | Spider:1 | Offered knowledge of Fire Storm by Vehumet.
 42918 | Spider:1 | Offered knowledge of Chain Lightning by Vehumet.
 43149 | Spider:1 | Blown up by an orb spider

Vault maps used:
D:1:      minmay_arrival_plants_in_alcoves
D:2:      gammafunk_temple_overflow_statue, first_ration
D:3:      lemuel_statue_altar
D:4:      minmay_temple_entry_statues, serial_shops, shop_statue,
          nicolae_shop_crystal, nicolae_shop_temple_entry_statues_fountains,
          nicolae_shop_window_shopping, uniq_sigmund
D:5:      black_bear_nest_1, kiku_gazebo_garden_becter, serial_shops,
          kennysheep_mini, uniq_crazy_yiuf_cottage, uniq_pikel
D:6:      gammafunk_temple_overflow_claw, corexii_leaking_fountain
D:7:      the_bakery
D:9:      lemuel_ice_spiral_2, lair_entry_dummy, uniq_joseph
D:10:     david_orc_5, minmay_variable_closet
D:12:     evilmike_iron_armoury, hellmonk_ghost_happy_afterlife
D:13:     lab_entry_generic, ebering_ghost_disaster_area, fedhas_altar_4
D:14:     lightli_vaults_fourway_checkpoint, serial_bayou_pond_b, uniq_azrael,
          uniq_roxanne
D:15:     gammafunk_depths_entry_grave, special_room,
          ebering_ghost_funeral_grove, minivault_12, uniq_josephine
Temple:   regret_index_temple_sphere_string
Lair:1:   wad_woods_stonehenge, ebering_ghost_xom, hibernation_bobbens,
          uniq_harold
Lair:2:   gammafunk_ghost_necromancy
Lair:4:   nicolae_swamp_entry_splash_gauntlet, spider_nest_entry_funnel_web,
          minivault_11, infiniplex_staircase_pool_2
Lair:5:   forest_entry_grove, grunt_megastairs_1, uniq_urug
Lair:6:   cheibrodos_lair_end_hotspot, dpeg_slime_entry_corner, st_stairs_5,
          lemuel_fruit_fields
Swamp:1:  evilmike_swamp_ruin_house_3, uniq_nikola
Swamp:2:  serial_swamp_ruin, evilmike_swamp_ruin_wall,
          evilmike_swamp_ruin_rubble_2
Swamp:3:  cheibrodos_swamp_heart_of_darkness, hangedman_swamp_cone
Swamp:4:  swamp_old_school, swamp_pool4, uniq_louise
Spider:1: spider_trap
Orc:1:    ebering_ghost_reflecting_pool, serial_shops, nicolae_shop_stone,
          nicolae_orc_damp_corner
Orc:2:    pf_orc_diabolical, chequers_guarded_unrand_ignorance
Lab:      nicolae_lab_dead_adventurers, nicolae_lab_hexagon, labyrinth_fake_exit

Skill      XL: |  1  2  3  4  5  6  7  8  9 10 11 12 13 14 15 16 17 |
---------------+----------------------------------------------------+-----
Conjurations   | 2 3 4 5 8 9 11 13 14 15 16 17 | 17.4
Spellcasting   | 4 5 7 8 9 11 13 14 15 16 17 19 | 19.3
Fire Magic     | 4 5 6 7 8 9 10 12 13 14 | 14.1
Dodging        | 7 8 9 10 12 | 12.0
Fighting       | 6 8 |  8.0
Summonings     | 4 10 | 10.0
Hexes          | 5 8 |  8.0
Ice Magic      | 4 |  4.0
Stealth        | |  2.4

Action                   |  1- 3 |  4- 6 |  7- 9 | 10-12 | 13-15 | 16-18 || total
-------------------------+-------+-------+-------+-------+-------+-------++-------
Melee: Club              |     7 |     2 |       |       |       |       ||     9
       Spear             |       |       |     5 |       |       |       ||     5
       Staff             |       |       |       |     8 |    10 |     2 ||    20
 Cast: Flame Tongue      |    62 |   110 |   186 |   228 |    65 |     4 ||   655
       Throw Flame       |     6 |    19 |    43 |   124 |    84 |       ||   276
       Conjure Flame     |       |     7 |    11 |    17 |    19 |     2 ||    56
       Sticky Flame      |       |     5 |    17 |    63 |    74 |    17 ||   176
       Fireball          |       |     1 |     3 |    56 |    57 |    16 ||   133
       Iskenderun's Myst |       |       |       |    81 |   468 |   115 ||   664
       Summon Mana Viper |       |       |       |       |   120 |    32 ||   152
       Freezing Cloud    |       |       |       |       |    37 |     4 ||    41
       Spellforged Servi |       |       |       |       |     9 |    20 ||    29
       Orb of Destructio |       |       |       |       |       |    58 ||    58
       Ignition          |       |       |       |       |       |     5 ||     5
Evoke: Wand              |       |       |       |       |     1 |       ||     1
  Use: Scroll            |       |       |     5 |    13 |    16 |    10 ||    44
       Potion            |       |       |       |     7 |     4 |     9 ||    20
  Eat: Chunk             |     1 |    11 |    13 |    25 |    28 |    19 ||    97
       Ration            |       |       |     1 |     2 |    10 |     5 ||    18
Armor: Robe              |     7 |     6 |     8 |    28 |     7 |     2 ||    58
       Leather armour    |       |       |       |       |    23 |    24 ||    47
Dodge: Dodged            |    36 |    18 |    23 |   116 |   194 |   160 ||   547
       Deflected         |       |       |       |       |       |     3 ||     3

Table legend:
 A = Non-vault XP
 B = Vault XP
 C = Vault XP percentage of total XP
 D = Non-vault monster count
 E = Vault monster count
 F = Vault count percentage of total count
                 A         B        C        D         E       F
            +---------+---------+-------+---------+---------+-------
      Total |  147727 |   80335 |  35.2 |     733 |     260 |  26.2
            +---------+---------+-------+---------+---------+-------
        D:1 |      42 |       0 |   0.0 |      25 |       0 |   0.0
        D:2 |      56 |       0 |   0.0 |      27 |       0 |   0.0
        D:3 |     106 |       0 |   0.0 |      20 |       0 |   0.0
        D:4 |     391 |     208 |  34.7 |      28 |       1 |   3.4
        D:5 |     487 |     822 |  62.8 |      18 |       3 |  14.3
        D:6 |    1035 |       0 |   0.0 |      18 |       0 |   0.0
        D:7 |     499 |     215 |  30.1 |      14 |       1 |   6.7
        D:8 |    1932 |       0 |   0.0 |      21 |       0 |   0.0
        D:9 |    2135 |     439 |  17.1 |      43 |       1 |   2.3
       D:10 |    3215 |     400 |  11.1 |      32 |      22 |  40.7
       D:11 |    3022 |       0 |   0.0 |      31 |       0 |   0.0
       D:12 |    3907 |    5699 |  59.3 |      32 |      19 |  37.3
       D:13 |    4672 |     624 |  11.8 |      26 |       1 |   3.7
       D:14 |    8867 |    6440 |  42.1 |      38 |      21 |  35.6
       D:15 |    8408 |   15359 |  64.6 |      26 |      44 |  62.9
     Lair:1 |    2208 |    2538 |  53.5 |      11 |       7 |  38.9
     Lair:2 |    5458 |       0 |   0.0 |      25 |       0 |   0.0
     Lair:3 |   12722 |       0 |   0.0 |      43 |       0 |   0.0
     Lair:4 |    9233 |    1505 |  14.0 |      18 |       7 |  28.0
     Lair:5 |    7853 |    2366 |  23.2 |      16 |      10 |  38.5
     Lair:6 |   10211 |    8894 |  46.6 |      28 |      30 |  51.7
    Swamp:1 |    8053 |    2052 |  20.3 |      32 |       1 |   3.0
    Swamp:2 |    7445 |       0 |   0.0 |      19 |       0 |   0.0
    Swamp:3 |   16820 |     288 |   1.7 |      42 |       1 |   2.3
    Swamp:4 |   14464 |   16750 |  53.7 |      39 |      26 |  40.0
   Spider:1 |   13301 |       0 |   0.0 |      39 |       0 |   0.0
      Orc:1 |     588 |     739 |  55.7 |      11 |       1 |   8.3
      Orc:2 |     597 |   14343 |  96.0 |      11 |      63 |  85.1
        Lab |       0 |     654 | 100.0 |       0 |       1 | 100.0
            +---------+---------+-------+---------+---------+-------
